Map: Ley Lines

Players

Rogue

  • Race: Zerg Zerg
  • Spawn Location: 1:00

Cure - Winner!

  • Race: Terran Terran
  • Spawn Location: 7:00

Event: Esports World Cup 2025

VOD

Have the link to the VOD?

Description

Time

  • Played on: July 24, 2025, 7:10 a.m.
  • Length: 12:14

All games in this series

Show
View Real Time Build Order
Export as new Build Order

Rogue Zerg 

Build Orders: Hatch First 

Get SALT Encoding   

  12  0:00  Drone  
  13  0:12  Overlord  
  13  0:16  Drone  
  14  0:30  Drone x2  
  16  0:45  Hatchery  
  16  0:49  Drone  
  16  0:53  Drone  
  16  0:56  Drone  
  18  1:07  Extractor  
  17  1:12  Spawning Pool  
  17  1:14  Drone  
  17  1:17  Drone  
  18  1:28  Drone  
  19  1:39  Drone  
  20  1:50  Drone  
  21  1:58  Queen x2  
  21  2:00  Zergling x4  
  27  2:11  Metabolic Boost  
  27  2:13  Overlord  
  27  2:14  Drone  
  28  2:27  Hatchery  
  27  2:30  Drone  
  27  2:32  Drone  
  27  2:35  Drone  
  27  2:37  Drone  
  31  2:42  Overlord  
  31  2:49  Queen  
  33  2:54  Drone x2  
  36  3:13  Zergling x2  
  36  3:14  Zergling x14  
  36  3:16  Overlord  
  44  3:22  Hatchery  
  44  3:24  Overlord  
  44  3:26  Overlord  
  43  3:31  Overlord  
  43  3:37  Baneling Nest  
  43  3:41  Zergling x4  
  43  3:44  Zergling x2  
  43  3:46  Zergling x2  
  43  3:47  Zergling x2  
  45  3:50  Zergling x2  
  46  3:57  Zergling x2  
  46  4:01  Zergling x8  
  51  4:09  Overlord  
  51  4:11  Zergling x2  
  51  4:14  Zergling x2  
  53  4:20  Baneling x5  
  53  4:21  Zergling x6  
  56  4:24  Zergling x2  
  56  4:28  Zergling x2  
  58  4:33  Zergling x2  
  58  4:35  Zergling x2  
  58  4:37  Zergling x2  
  56  4:40  Zergling x2  
  56  4:41  Baneling x2  
  56  4:45  Zergling x2  
  55  4:46  Zergling x2  
  55  4:47  Zergling x2  
  55  4:50  Zergling x4  
  54  4:52  Zergling x2  
  54  5:00  Drone  
  54  5:01  Drone x3  
  58  5:09  Drone x2  
  58  5:10  Drone  
  58  5:13  Drone  
  58  5:14  Drone x2  
  63  5:17  Extractor  
  62  5:21  Evolution Chamber  
  62  5:23  Drone x2  
  62  5:26  Drone  
  62  5:27  Drone  
  65  5:30  Drone  
  65  5:31  Drone  
  67  5:37  Drone  
  67  5:38  Drone x3  
  67  5:39  Drone  
  72  5:46  Drone x2  
  72  5:47  Zerg Ground Armor Level 1  
  74  5:52  Drone x3  
  74  5:55  Overlord  
  77  6:00  Lair  
  77  6:02  Overlord  
  77  6:07  Extractor  
  76  6:11  Zergling x2  
  76  6:12  Zergling x8  
  76  6:16  Zergling x2  
  76  6:17  Zergling x10  
  87  6:22  Zergling x4  
  89  6:29  Overlord  
  89  6:30  Zergling x2  
  89  6:31  Zergling x8  
  94  6:35  Drone x2  
  94  6:36  Drone  
  94  6:39  Overlord  
  97  6:41  Overlord x2  
  97  6:47  Overlord  
  97  6:48  Burrow  
  97  6:51  Zergling x4  
  97  6:52  Zergling x2  
  100  6:55  Baneling x5  
  100  6:56  Baneling  
  100  6:57  Baneling x4  
  100  7:02  Zergling x6  
  100  7:03  Zergling x4  
  100  7:04  Zergling x2  
  100  7:07  Centrifugal Hooks  
  106  7:13  Zergling x10  
  106  7:14  Zergling x2  
  112  7:15  Baneling  
  112  7:16  Baneling x2  
  112  7:18  Baneling  
  112  7:27  Zergling x6  
  112  7:28  Zergling x4  
  117  7:33  Zergling x10  
  117  7:46  Zergling x2  
  117  7:51  Zergling x10  
  93  7:53  Zergling x2  
  93  7:56  Zergling x2  
  93  7:57  Zergling x6  
  90  8:02  Zergling x2  
  91  8:06  Zergling x6  
  91  8:08  Zergling x2  
  91  8:09  Zergling x2, Hatchery  
  80  8:13  Zergling x2  
  80  8:18  Evolution Chamber  
  80  8:19  Drone x2  
  77  8:20  Zerg Ground Armor Level 2, Extractor  
  77  8:22  Drone x2  
  77  8:25  Drone x2  
  80  8:29  Drone, Queen  
  83  8:34  Drone  
  83  8:35  Drone x3  
  83  8:40  Hatchery  
  86  8:43  Drone x2  
  86  8:44  Queen  
  86  8:46  Zerg Melee Weapons Level 1  
  90  8:48  Infestation Pit  
  90  8:49  Drone  
  90  8:50  Drone x3  
  90  8:52  Drone  
  94  8:56  Baneling x3  
  94  8:58  Baneling x2  
  94  8:59  Baneling x3  
  94  9:00  Zergling x6  
  94  9:02  Zergling x2  
  98  9:05  Drone x2  
  100  9:13  Zergling x10  
  105  9:17  Drone  
  105  9:18  Drone  
  105  9:20  Baneling x2  
  107  9:25  Zergling x4  
  107  9:26  Zergling x2  
  107  9:27  Baneling x2  
  107  9:28  Hive  
  110  9:33  Zergling x16  
  116  9:39  Baneling x2  
  116  9:42  Zergling x10  
  121  9:48  Drone x3  
  121  9:52  Infestor x2, Spore Crawler  
  127  9:53  Infestor  
  127  9:54  Baneling  
  127  9:55  Baneling x3  
  128  10:00  Baneling  
  128  10:01  Baneling x2  
  128  10:02  Zergling x14, Extractor  
  128  10:06  Baneling x2  
  134  10:09  Zergling x6  
  134  10:12  Overlord  
  134  10:13  Drone x2  
  138  10:15  Baneling x3  
  138  10:17  Zergling x2  
  138  10:18  Zergling x8  
  138  10:21  Overseer  
  143  10:24  Extractor  
  140  10:30  Zergling x2  
  140  10:31  Zergling x20, Hydralisk Den  
  148  10:36  Drone x3  
  148  10:40  Drone x3  
  148  10:41  Overlord  
  148  10:42  Zergling x4  
  155  10:43  Zergling x4  
  157  10:53  Overlord x2  
  157  10:54  Overlord  
  157  10:58  Overlord  
  157  10:59  Overlord  
  157  11:04  Grooved Spines  
  157  11:08  Hydralisk  
  157  11:09  Hydralisk, Zergling x2  
  157  11:10  Zergling x16  
  164  11:14  Zergling x2  
  164  11:15  Zergling x2  
  164  11:16  Hydralisk x2  
  164  11:17  Zergling x4  
  164  11:18  Zergling x6  
  153  11:19  Zergling x2  
  153  11:21  Hydralisk x2  
  153  11:24  Spore Crawler  
  149  11:27  Hydralisk  
  149  11:29  Zergling x4  
  149  11:30  Zergling x4  
  134  11:36  Hydralisk x4  
  134  11:37  Zergling x6  
  128  11:40  Zergling x2  
  128  11:41  Zergling x2  
  128  11:42  Zergling x10  
  128  11:44  Zergling x6  
  120  11:50  Hydralisk  
  110  11:54  Zergling x2  
  110  11:55  Zergling x2  
  110  11:56  Zergling x2  
Show
View Real Time Build Order
Export as new Build Order

Cure Terran - Winner!

Build Orders:  

Get SALT Encoding   

  12  0:00  SCV  
  13  0:12  SCV  
  14  0:17  Supply Depot  
  14  0:24  SCV  
  15  0:38  SCV  
  15  0:40  Barracks  
  16  0:50  SCV  
  16  0:52  Barracks  
  17  1:02  SCV  
  18  1:15  SCV  
  18  1:16  Refinery  
  19  1:27  Orbital Command, Marine  
  20  1:33  Supply Depot  
  20  1:40  Marine  
  20  1:45  Marine  
  22  1:52  SCV  
  23  1:57  Marine  
  24  2:02  Marine  
  24  2:07  Command Center  
  25  2:10  SCV  
  26  2:15  Marine  
  26  2:22  SCV, Barracks Reactor  
  28  2:29  Supply Depot  
  28  2:34  SCV  
  28  2:35  Barracks Tech Lab  
  29  2:40  Barracks  
  29  2:44  Bunker  
  29  2:47  SCV  
  30  2:58  Barracks  
  30  2:59  SCV  
  30  3:04  Stimpack  
  31  3:11  SCV  
  32  3:13  Marine x3  
  35  3:20  Orbital Command  
  35  3:23  SCV  
  36  3:27  Barracks Tech Lab  
  36  3:31  Marine x3  
  39  3:35  SCV  
  39  3:45  SCV  
  39  3:47  Combat Shield, SCV  
  39  3:48  Marine  
  38  3:49  Marine x4  
  42  3:57  Supply Depot  
  42  3:59  SCV x2  
  44  4:06  Marine x2  
  44  4:07  Marine x3  
  44  4:08  Supply Depot  
  49  4:13  SCV x2  
  49  4:20  Supply Depot  
  49  4:23  Marine  
  50  4:24  Marine x2  
  50  4:25  Marine x2  
  50  4:27  SCV x2  
  51  4:39  SCV  
  51  4:41  Marine  
  51  4:42  Marine x2  
  51  4:43  Marine  
  51  4:45  Marine  
  55  4:51  Supply Depot  
  55  4:53  Engineering Bay  
  55  4:58  SCV  
  55  4:59  Marine, SCV  
  58  5:02  Marine x2  
  58  5:03  Marine  
  58  5:04  Engineering Bay, Factory  
  61  5:11  SCV x2  
  63  5:17  Marine  
  63  5:20  Marine x2  
  63  5:21  Refinery, Marine  
  67  5:22  Refinery  
  67  5:25  SCV  
  68  5:30  Terran Infantry Weapons Level 1  
  68  5:33  Supply Depot  
  68  5:35  Barracks Reactor, SCV  
  69  5:37  SCV  
  69  5:38  Marine x2  
  69  5:39  Barracks Reactor  
  72  5:44  Refinery  
  72  5:47  SCV  
  72  5:49  SCV  
  74  5:51  Starport  
  74  5:55  Command Center  
  74  5:57  Factory Reactor  
  74  5:59  SCV  
  74  6:01  SCV  
  76  6:07  Marine  
  76  6:09  Barracks  
  76  6:10  Barracks Reactor  
  77  6:11  SCV  
  77  6:12  Marine  
  77  6:13  SCV  
  77  6:17  Supply Depot x2  
  82  6:26  SCV  
  82  6:27  SCV  
  82  6:35  Barracks  
  82  6:36  Medivac x2  
  82  6:38  Marine x5  
  82  6:39  SCV x2  
  93  6:41  Supply Depot x2  
  93  6:45  Siege Tank  
  96  6:49  Marine x2  
  96  6:51  SCV x2  
  100  6:56  Marine x2  
  100  6:58  Barracks Reactor  
  102  7:03  Barracks, SCV x2  
  102  7:05  Barracks  
  102  7:08  Barracks  
  104  7:09  Marine x4  
  104  7:13  Marine  
  109  7:17  Armory  
  109  7:18  SCV x2  
  111  7:23  Orbital Command  
  111  7:28  Siege Tank  
  114  7:30  Medivac  
  114  7:35  Medivac  
  118  7:37  Terran Infantry Armor Level 1, Engineering Bay  
  118  7:40  SCV x2  
  118  7:44  Marine x3  
  120  7:49  Marine x4  
  120  7:50  Marine  
  107  7:56  Marine x4  
  107  7:57  Marine  
  97  8:00  Orbital Command  
  97  8:01  Marine x2  
  97  8:02  Marine  
  97  8:07  Marine x4  
  97  8:09  Marine  
  98  8:14  Marine x3  
  96  8:21  Terran Infantry Weapons Level 2  
  99  8:31  Barracks Tech Lab  
  99  8:32  Marauder, Marine x4  
  99  8:33  Medivac  
  103  8:34  Barracks Tech Lab  
  103  8:39  Barracks Tech Lab x2  
  103  8:41  Widow Mine x2  
  107  8:42  Medivac  
  107  8:46  SCV x3  
  107  8:48  Supply Depot  
  112  8:52  Marauder x2  
  112  8:53  Marauder, Concussive Shells  
  112  8:55  Marauder  
  120  8:56  Marine  
  120  9:02  SCV x3  
  124  9:03  Supply Depot  
  124  9:13  Marauder x3, Marine x2  
  124  9:14  Marauder  
  134  9:17  Command Center  
  134  9:20  Supply Depot  
  134  9:21  Supply Depot  
  134  9:24  Supply Depot  
  134  9:26  Widow Mine x2, Medivac  
  140  9:34  Marauder, Marine x4  
  140  9:35  Marauder x2, Marine  
  140  9:37  Marine x2  
  149  9:41  Marine  
  149  9:42  Marauder  
  152  9:47  Supply Depot  
  152  9:51  Supply Depot  
  152  9:52  Terran Infantry Armor Level 2, Marine  
  153  9:55  Marauder  
  153  9:56  Marauder, Marine  
  150  10:02  Marine x3  
  150  10:03  Marauder  
  155  10:08  Widow Mine x2  
  155  10:11  Medivac x2  
  155  10:13  Marauder  
  165  10:17  SCV x2  
  165  10:18  SCV  
  168  10:24  Marine x4  
  168  10:25  Marauder x2  
  176  10:29  Marine  
  176  10:30  Marauder x2  
  181  10:36  Widow Mine x2  
  181  10:42  Marine x3  
  189  10:43  Marauder  
  189  10:44  Medivac  
  189  10:46  Marauder  
  195  10:50  Medivac  
  195  10:51  Marauder, Marine  
  199  11:03  Sensor Tower  
  180  11:22  Marauder x2, Marine x6  
  180  11:23  Marauder  
  188  11:28  Liberator x2  
  188  11:30  Widow Mine x2  
  179  11:34  Marauder, Marine x2  
  178  11:40  Marine x4  
  178  11:43  Marine x2  
  178  11:44  Marauder x3  
  185  11:51  Marine  
  185  11:52  Marauder  
  187  11:55  Marine  
Tags
 
Add a new tag
Caveats
  • Supply blocks, unpowered buildings, or Contaminate may cause inaccurate times.
  • Supply counts are checked every 10 seconds.